 Dungeon Crawl Stone Soup version 0.30.1-11-g7821555f0a (webtiles) character file.

Game seed: 13231554934129341100

2911 Okkudo the Severer (level 9, -4/72 HPs)
             Began as a Hill Orc Monk on Dec 8, 2023.
             Was a Believer of Beogh.
             Slain by a killer bee (8 damage)
             ... on level 7 of the Dungeon.
             The game lasted 00:18:36 (6814 turns).

Okkudo the Severer (Hill Orc Monk)                  Turns: 6814, Time: 00:18:36

Health: -4/72      AC: 10    Str: 18    XL:     9   Next: 78%
Magic:  11/11      EV:  8    Int: 10    God:    Beogh [**....]
Gold:   333        SH:  0    Dex: 13    Spells: 8/8 levels left

rFire   . . .        s - +0 war axe
rCold   . . .        A - +0 buckler
rNeg    + . .        r - +0 chain mail
rPois   .            c - +0 helmet
rElec   .            (no cloak)
rCorr   .            (no gloves)
SInv    +            (no boots)
Will    .....        (no amulet) Stlth
                     o - ring of Lust {rN+ SInv}
HPRegen 0.32/turn    w - ring of flight
MPRegen 0.12/turn

%: no passive effects
@: confused, lethally poisoned (-4 -> -12), ambrosia-drunk, flying
A: no striking features
a: Renounce Religion, Smiting


You were on level 7 of the Dungeon.
You worshipped Beogh.
Beogh was pleased with you.
You visited 1 branch of the dungeon, and saw 7 of its levels.

You collected 333 gold pieces.

Inventory:

Hand Weapons
 s - a +0 war axe (weapon)
Missiles
 b - 17 poisoned darts (quivered)
 x - a throwing net
Armour
 c - a +0 helmet (worn)
 r - a +0 chain mail (worn)
 A - a +0 buckler (worn)
Jewellery
 o - the ring of Lust (left hand) {rN+ SInv}
   (You found it on level 2 of the Dungeon)

   [ring of see invisible]

   rN:        It protects you from negative energy.
   SInv:      It lets you see invisible.
 w - a ring of flight (right hand)
Wands
 d - a wand of digging (6)
 B - a wand of flame (26)
 F - a wand of roots (8)
Scrolls
 e - a scroll of teleportation
 g - a scroll of enchant weapon
 h - 3 scrolls of fear
 j - a scroll of fog
 k - a scroll of brand weapon
 m - a scroll of blinking
 q - a scroll of magic mapping
 y - a scroll of amnesia
 C - a scroll of silence {unknown}
 E - a scroll of noise {unknown}
 G - a scroll of immolation {unknown}
Potions
 a - a potion of flight {unknown}
 l - a potion of berserk rage {unknown}
 n - a potion of haste {unknown}
 p - a potion of cancellation
 t - a potion of might {unknown}
 u - 3 potions of degeneration
 v - a potion of attraction {unknown}
 z - a potion of magic {unknown}
 D - a potion of brilliance {unknown}


   Skills:
 + Level 4.7 Fighting
 - Level 16.0 Axes
 + Level 2.4 Armour
 - Level 2.4 Dodging
 + Level 2.3 Shields
 + Level 2.9 Invocations


You had 8 spell levels left.
You didn't know any spells.
Your spell library contained the following spells:

 Spells                   Type           Power      Damage    Failure   Level
 Freeze                   Ice            0%         1d3       99%         1
 Blink                    Tloc           0%         N/A       100%        2
 Frozen Ramparts          Ice            0%         1d1       100%        3
 Hailstorm                Conj/Ice       0%         3d3       100%        3
 Portal Projectile        Hex/Tloc       0%         N/A       100%        3
 Tukima's Dance           Hex            0%         N/A       100%        3
 Ice Form                 Ice/Tmut       0%         N/A       100%        4
 Manifold Assault         Tloc           0%         N/A       100%        4
 Summon Ice Beast         Ice/Summ       0%         N/A       100%        4
 Blade Hands              Tmut           0%         N/A       100%        5
 Storm Form               Tmut/Air       0%         N/A       100%        7


Dungeon Overview and Level Annotations

Branches:
Dungeon (7/15)             Temple (0/1) D:6

Altars:
Dithmenos
Elyvilon
Kikubaaqudgha
Wu Jian
Zin
The Shining One

Shops:
D:6 =


Message History

* * * LOW HITPOINT WARNING * * *
You closely miss the killer bee.
The killer bee is lightly wounded.
You block the killer bee's attack.
You slash the killer bee!
The killer bee is severely wounded.
The killer bee stings you but does no damage.
You block the killer bee's attack.
You barely miss the killer bee.
The killer bee is severely wounded.
The killer bee barely misses you.
You miss the killer bee.
The killer bee is severely wounded.
The killer bee closely misses you. The killer bee stings you.
* * * LOW HITPOINT WARNING * * *
You are poisoned.
The killer bee poisons you!
You barely miss the killer bee.
The killer bee is severely wounded.
* * * LOW HITPOINT WARNING * * *
You feel sick. The killer bee stings you.
* * * LOW HITPOINT WARNING * * *
You are confused.
You feel invigorated.
* * * LOW HITPOINT WARNING * * *
You feel sick. The killer bee closely misses you. The killer bee stings you.
* * * LOW HITPOINT WARNING * * *
You are more poisoned.
The killer bee poisons you!
The killer bee attacks as you move away!
The killer bee stings you but does no damage.
* * * LOW HITPOINT WARNING * * *
You feel very sick. The killer bee stings you.
* * * LOW HITPOINT WARNING * * *
You closely miss the killer bee.
The killer bee is severely wounded.
* * * LOW HITPOINT WARNING * * *
You feel sick. The killer bee stings you!
You die...

## .# ##.# .#
...##.#
...... ..#.#
#†#.#
#####y#.#
#.....@.# #+#
#.###.### #.#
#.# #..!
###.#### #.#
#####
.......####.#
##..........#
#......###..#
.#...#.###..#
#..##......#


You could see a killer bee.

Vanquished Creatures
  Pikel (D:6)
  The ghost of ritesign the Slasher, a novice HuMo of Ru (D:4)
  Sigmund (D:6)
  A steam dragon (D:7)
  2 ice beasts
  3 black bears
  2 ogres
  A phantom (D:6)
  A scorpion (D:6)
  5 killer bees (D:7)
  3 vampire bats (D:3)
  6 hounds
  4 jellies
  2 orc priests (D:7)
  3 iguanas
  3 orc wizards
  A sleepcap (D:5)
  Robin (D:2)
  4 gnolls (D:5)
  15 adders
  A shadow imp (D:6)
  2 worms
  2 dart slugs
  12 orcs
  3 bats
  A bat skeleton (D:3)
  6 bat zombies (D:3)
  2 endoplasms
  A giant cockroach (D:4)
  14 goblins
  5 hobgoblins
  5 quokkas
  6 ball pythons
  4 frilled lizards
  4 kobolds
  4 rats
132 creatures vanquished.

Vanquished Creatures (others)
  A white imp (D:6)
  2 orcs (D:6)
3 creatures vanquished.

Grand Total: 135 creatures vanquished

Notes
Turn   | Place    | Note
-------+----------+-------------------------------------------
     0 | D:1      | Okkudo the Hill Orc Monk began the quest for the Orb.
     0 | D:1      | Reached XP level 1. HP: 19/19 MP: 1/1
   546 | D:1      | Reached XP level 2. HP: 25/27 MP: 2/2
   871 | D:2      | Reached skill level 5 in Axes
  1112 | D:2      | Noticed Robin
  1121 | D:2      | Reached XP level 3. HP: 22/33 MP: 3/3
  1177 | D:2      | Killed Robin
  1344 | D:2      | Identified the ring of Lust {rN+ SInv}
  1376 | D:2      | Reached skill level 6 in Axes
  1780 | D:3      | Found an ancient bone altar of Kikubaaqudgha.
  1791 | D:3      | Reached XP level 4. HP: 31/40 MP: 4/4
  1795 | D:3      | Reached skill level 7 in Axes
  1803 | D:3      | Reached XP level 5. HP: 38/46 MP: 5/5
  1823 | D:3      | Reached skill level 8 in Axes
  2483 | D:4      | Reached XP level 6. HP: 52/52 MP: 6/6
  2507 | D:4      | Reached skill level 9 in Axes
  2892 | D:4      | Found a runed translucent door.
  2893 | D:4      | Noticed ritesign's ghost (novice HuMo)
  3077 | D:4      | Found a shadowy altar of Dithmenos.
  3154 | D:5      | Entered Level 5 of the Dungeon
  3154 | D:5      | Noticed an ice beast
  3181 | D:5      | Killed an ice beast
  3182 | D:5      | Reached skill level 10 in Axes
  3182 | D:5      | Reached XP level 7. HP: 19/58 MP: 7/7
  3541 | D:5      | Found an ornate altar of the Wu Jian Council.
  3672 | D:5      | Reached skill level 11 in Axes
  4113 | D:5      | Reached XP level 8. HP: 34/66 MP: 8/8
  4329 | D:5      | Reached skill level 12 in Axes
  4510 | D:5      | Found a glowing golden altar of the Shining One.
  4510 | D:5      | Found a glowing silver altar of Zin.
  4510 | D:5      | Found a white marble altar of Elyvilon.
  4612 | D:4      | Killed ritesign's ghost
  4613 | D:4      | Reached skill level 13 in Axes
  4708 | D:6      | Noticed Pikel
  4952 | D:6      | Killed Pikel
  4953 | D:6      | Reached skill level 14 in Axes
  5169 | D:6      | Noticed Sigmund
  5195 | D:6      | Killed Sigmund
  5196 | D:6      | Reached skill level 15 in Axes
  5196 | D:6      | Reached XP level 9. HP: 53/71 MP: 9/9
  5659 | D:6      | Became a worshipper of Beogh the Brigand
  5659 | D:6      | Reached * piety under Beogh
  5659 | D:6      | Reached ** piety under Beogh
  5855 | D:6      | Reached skill level 16 in Axes
  5992 | D:6      | Found Vut Kyt's Jewellery Shop.
  6173 | D:6      | Found a staircase to the Ecumenical Temple.
  6209 | D:6      | Reached skill level 1 in Invocations
  6222 | D:6      | Reached skill level 1 in Armour
  6222 | D:6      | Reached skill level 1 in Shields
  6812 | D:7      | HP: 2/72 [killer bee (4)]
  6814 | D:7      | Slain by a killer bee

Illustrated notes

Levels and vault maps discovered:
D:1:      giann_horns, layout_basic
D:2:      layout_loops_ring, uniq_robin
D:3:      layout_basic, kennysheep_vampire_church
D:4:      layout_basic, lemuel_crystal_altar, gammafunk_ghost_grave,
          minmay_misc_feat_nine_boxes
D:5:      layout_loops_cross, good_gods_mini_temple, lemuel_round_altar,
          minmay_fractal_squares_5
D:6:      layout_basic, temple_hall_moat, serial_shops,
          nicolae_shop_behind_doors, minmay_misc_feat_enclosed,
          nicolae_half_adder, uniq_sigmund, uniq_pikel
D:7:      layout_loops_corners

Skill      XL: |  1  2  3  4  5  6  7  8  9 |
---------------+----------------------------+-----
Axes           | 5 6 7 8 10 11 15 16 | 16.0
Invocations    | 2 |  2.9
Fighting       | 4 |  4.7
Armour         | 2 |  2.4
Shields        | 2 |  2.3
Dodging        | |  2.4

Action                     |  1- 3 |  4- 6 |  7- 9 || total
---------------------------+-------+-------+-------++-------
  Melee: Hand axe          |   102 |    82 |       ||   184
         War axe           |       |    34 |   309 ||   343
  Throw: Dart              |       |       |     2 ||     2
 Invoke: Convert to Beogh  |       |       |     1 ||     1
    Use: Potion            |     1 |       |     6 ||     7
         Scroll            |       |       |     8 ||     8
 Armour: Robe              |     6 |       |       ||     6
         Ring mail         |    21 |       |       ||    21
         Scale mail        |    26 |    25 |       ||    51
         Chain mail        |       |    37 |   148 ||   185
  Dodge: Dodged            |    91 |    46 |   111 ||   248
  Block: Buckler           |       |       |    46 ||    46
